 Dungeon Crawl Stone Soup version 0.30.1-9-gdf580d7c3d (webtiles) character file.

Game seed: 3645108020187176444

189 HagarQim the Stinger (level 5, -6/31 HPs)
             Began as an Octopode Venom Mage on Oct 2, 2023.
             Killed by divine providence
             ... invoked by an orc priest
              (16 damage)
             ... on level 3 of the Dungeon.
             The game lasted 00:07:22 (2956 turns).

HagarQim the Stinger (Octopode Venom Mage)          Turns: 2956, Time: 00:07:23

Health: -6/31      AC:  1    Str:  7    XL:     5   Next: 68%
Magic:  2/8        EV: 13    Int: 20    God:
Gold:   149        SH:  0    Dex: 12    Spells: 4/9 levels left

rFire   . . .        g - +1 dagger (venom)
rCold   . . .        (no shield)
rNeg    . . .        (helmet restricted)
rPois   .            (no amulet)
rElec   .            (no ring)
rCorr   .            (no ring)
SInv    .            (no ring)
Will    .....        (no ring)
Stlth   ++++         (no ring)
HPRegen 0.25/turn    (no ring)
MPRegen 0.11/turn    (no ring)
                     (no ring)

%: no passive effects
@: no status effects
A: almost no armour, amphibious, 8 rings, camouflage 1, gelatinous body 1,
(nimble swimmer 1), tentacles
a: no special abilities


You were on level 3 of the Dungeon.
You visited 1 branch of the dungeon, and saw 3 of its levels.

You collected 149 gold pieces.

Inventory:

Hand Weapons
 g - a +1 dagger of venom (weapon)
 p - a +2 short sword of draining
Missiles
 h - a curare-tipped dart (quivered)
Scrolls
 c - 2 scrolls of immolation {unknown}
 e - 2 scrolls of identify {unknown}
 l - a scroll of blinking {unknown}
 m - a scroll of torment {unknown}
 n - a scroll of amnesia {unknown}
 o - a scroll of butterflies {unknown}
 q - a scroll of enchant weapon {unknown}
 s - a scroll of vulnerability {unknown}
Potions
 a - a potion of magic
 b - a potion of flight {unknown}
 d - 3 potions of curing {unknown}
 f - a potion of resistance {unknown}
 i - a potion of mutation {unknown}
 j - 2 potions of degeneration {unknown}
 k - a potion of invisibility {unknown}
 r - a potion of haste {unknown}


   Skills:
 + Level 1.0 Short Blades
 + Level 1.9 Throwing
 + Level 2.3 Dodging
 + Level 4.4 Stealth
 + Level 0.5 Unarmed Combat
 + Level 2.5 Spellcasting
 + Level 1.5 Transmutations
 + Level 0.7 Air Magic
 + Level 4.7 Poison Magic


You had 4 spell levels left.
You knew the following spells:

 Your Spells              Type           Power      Damage    Failure   Level
a - Sting                 Tmut/Pois      60%        1d6       4%          1
b - Poisonous Vapours     Pois/Air       26%        N/A       8%          2
c - Blink                 Tloc           4%         N/A       22%         2

Your spell library contained the following spells:

 Spells                   Type           Power      Damage    Failure   Level
 Lesser Beckoning         Tloc           4%         N/A       22%         2
 Momentum Strike          Conj/Tloc      4%         3d8       22%         2
 Mephitic Cloud           Conj/Pois/Air  9%         N/A       22%         3
 Olgreb's Toxic Radiance  Pois           21%        N/A       22%         4


Dungeon Overview and Level Annotations

Branches:
Dungeon (3/15)

Altars:
Wu Jian


Innate Abilities, Weirdness & Mutations

You cannot wear most types of armour.
You are amphibious.
You can wear up to eight rings at the same time.
Your skin changes colour to match your surroundings (Stealth+).
Your rubbery body absorbs attacks. (AC +1, EV +1)
((You are camouflaged when in or above water. (Stealth+)))
You have tentacles for arms and can constrict up to eight enemies at once.


Message History

Aiming: Poisonous Vapours (safe; 9% risk of failure)
Press: ? - help, Dir - move target, f - orc priest
Aim: an orc priest, wielding a +2 flail of protection and wearing a +0 chain mail (asleep) Poisonous vapours surround the orc priest!
The orc priest is poisoned.
The orc priest shouts! x2
The orc priest calls down the wrath of Beogh upon you.
Beogh smites you!
Casting: Poisonous Vapours (safe; 9% risk of failure)
Confirm with . or Enter, or press ? or * to list all spells.
Aiming: Poisonous Vapours (safe; 9% risk of failure)
Press: ? - help, Dir - move target, f/p - orc priest
Aim: an orc priest, wielding a +2 flail of protection and wearing a +0 chain mail (lightly wounded, poisoned) Poisonous vapours surround the orc priest!
The orc priest looks even sicker.
The orc shouts! x2
Casting: Poisonous Vapours (safe; 9% risk of failure)
Confirm with . or Enter, or press ? or * to list all spells.
Aiming: Poisonous Vapours (safe; 9% risk of failure)
Press: ? - help, Dir - move target, f/p - orc priest
Aim: an orc priest, wielding a +2 flail of protection and wearing a +0 chain mail (moderately wounded, poisoned) Poisonous vapours surround the orc priest!
The orc priest looks even sicker.
Unknown command.
Casting: Poisonous Vapours (safe; 9% risk of failure)
Confirm with . or Enter, or press ? or * to list all spells.
Aiming: Poisonous Vapours (safe; 9% risk of failure)
Press: ? - help, Dir - move target, f - orc priest, p - orc priest
Aim: an orc priest, wielding a +0 club and wearing a +0 leather armour Poisonous vapours surround the orc priest!
The orc priest is poisoned.
Unknown command.
The orc priest mumbles some strange prayers to Beogh against you.
Beogh smites you!
* * * LOW HITPOINT WARNING * * *
You feel a bit more experienced.
The orc priest looks more healthy.
The orc priest invokes the aid of Beogh against you.
Beogh smites you!
Ouch! That really hurt!
You die...

#.# ♣.♣.P8..#.P...
#o#♣♣.♣.♣.......♣.
#o#.♣..P..#...#.♣P
#..♣.♣♣...÷......#
#....P♣♣.♣.._[...#
#o##.♣♣...÷.....♣#
#.##.....♣#...#.♣#
#.##P.♣P♣......P..
#@...P♣.....#...♣♣
#...♣P♣♣♣..))..♣§♣
#.##♣♣♣♣..♣...P♣♣§
#.# ..P....P♣..P.
#.# ♣♣P....♣♣.PP.♣
#.# .....♣♣.....♣♣
#.# PP♣♣♣♣..P♣.♣♣♣
#.# .♣♣.P..P.♣♣)..
#.# ♣PP.♣.♣♣♣...


You could see an orc priest and 2 orcs.

Vanquished Creatures
  An orc priest (D:3)
  Jessica (D:2)
  2 gnolls (D:3)
  3 adders (D:2)
  2 worms (D:2)
  3 dart slugs
  An orc (D:3)
  6 ball pythons
  5 bats
  8 endoplasms
  A giant cockroach (D:1)
  4 goblins
  6 hobgoblins
  5 jackals
  5 quokkas
  2 frilled lizards
  9 kobolds
  10 rats
74 creatures vanquished.

Notes
Turn   | Place    | Note
-------+----------+-------------------------------------------
     0 | D:1      | HagarQim the Octopode Venom Mage began the quest for the
                  | Orb.
     0 | D:1      | Reached XP level 1. HP: 11/11 MP: 3/3
   294 | D:1      | Reached XP level 2. HP: 15/17 MP: 1/5
   380 | D:1      | Learned a level 2 spell: Poisonous Vapours
   750 | D:1      | Reached XP level 3. HP: 17/21 MP: 6/6
  1744 | D:2      | Reached XP level 4. HP: 27/27 MP: 7/7
  1757 | D:2      | Reached skill level 1 in Throwing
  1961 | D:2      | Learned a level 2 spell: Blink
  2166 | D:2      | Noticed Jessica
  2168 | D:2      | Killed Jessica
  2225 | D:2      | Reached XP level 5. HP: 31/31 MP: 8/8
  2564 | D:3      | Found an ornate altar of the Wu Jian Council.
  2776 | D:3      | Reached skill level 1 in Short Blades
  2956 | D:3      | Killed from afar by an orc priest

Illustrated notes

Levels and vault maps discovered:
D:1:      matt_arrival_los_fun, layout_basic, minmay_crystal_room,
          minmay_misc_feat_secret_circle, dreamdust_princess_bridge,
          grunt_decor_mini_mirrors, nrook_uturn
D:2:      layout_basic, uniq_jessica
D:3:      wad_woods_stonehenge, layout_basic, shapermc_ecumenical_altar_venn,
          grunt_decor_arrowhead

Skill      XL: |  1  2  3  4  5 |
---------------+----------------+-----
Poison Magic   | 4 |  4.7
Stealth        | 3 4 |  4.4
Throwing       | 1 |  1.9
Short Blades   | 1 |  1.0
Dodging        | |  2.3
Unarmed Combat | |  0.5
Spellcasting   | |  2.5
Transmutations | |  1.5
Air Magic      | |  0.7

Action                     |  1- 3 |  4- 6 || total
---------------------------+-------+-------++-------
  Melee: Unarmed           |    14 |       ||    14
         Tentacles         |    17 |    10 ||    27
         Constrict         |    12 |     8 ||    20
         Dagger            |    38 |    38 ||    76
         Punch             |     1 |     1 ||     2
  Throw: Dart              |    14 |    11 ||    25
   Cast: Sting             |    10 |       ||    10
         Poisonous Vapours |     8 |    15 ||    23
   Stab: Sleeping          |     4 |     7 ||    11
 Armour: Skin              |     7 |     2 ||     9
  Dodge: Dodged            |    23 |    11 ||    34
